Map: Lerilak Crest

Players

sophrosyne - Winner!

  • Race: Terran Terran
  • League: Gold

LilDicky

  • Race: Protoss Protoss
  • League: Diamond

VOD

http://www.twitch.tv/tumescentpie

Description

Time

  • Played on: Jan. 4, 2016, 4:24 a.m.
  • Length: 12:43
Show
View Real Time Build Order
Export as new Build Order

sophrosyne Terran - Winner!

Build Orders:  

Get SALT Encoding   

  12  0:01  SCV  
  13  0:17  SCV  
  13  0:20  Supply Depot  
  14  0:30  SCV  
  14  0:34  Refinery  
  15  0:43  Barracks  
  15  0:46  SCV  
  16  1:00  SCV  
  17  1:09  Barracks  
  17  1:13  SCV  
  18  1:25  SCV  
  19  1:30  Marine  
  20  1:35  Barracks  
  20  1:40  SCV  
  21  1:55  Bunker  
  21  1:58  Marine x2  
  23  2:08  Orbital Command  
  23  2:28  Supply Depot  
  23  2:32  Barracks Tech Lab x2  
  23  2:33  Barracks Tech Lab  
  23  2:42  Factory  
  23  2:48  Refinery  
  23  2:53  Marauder  
  23  2:58  SCV  
  26  3:00  Marauder  
  28  3:07  Marauder  
  28  3:10  SCV  
  31  3:18  Supply Depot  
  31  3:22  Concussive Shells  
  31  3:28  Starport  
  31  3:40  Marauder x2  
  35  3:49  Supply Depot  
  35  3:54  Marauder  
  37  4:00  SCV  
  38  4:11  Viking  
  38  4:14  Supply Depot  
  40  4:19  Marauder  
  42  4:26  Marauder  
  44  4:37  Marauder  
  43  4:41  Medivac  
  43  5:20  Marauder x3  
  31  5:41  Marauder x3  
  30  6:03  Marauder x2  
  22  8:02  Orbital Command  
  16  8:44  SCV  
  17  8:50  Barracks Tech Lab  
  17  8:52  Barracks Reactor  
  17  8:56  SCV  
  18  9:09  Marine  
  18  9:10  Marine  
  18  9:12  SCV  
  18  9:16  Refinery  
  21  9:24  SCV  
  21  9:30  Marine  
  23  9:36  Supply Depot  
  23  9:50  Bunker  
  23  9:58  SCV, Marine x3  
  27  10:00  Supply Depot  
  27  10:02  Marine  
  28  10:10  SCV  
  29  10:16  Refinery  
  29  10:22  SCV  
  29  10:24  Marine  
  29  10:25  Marine x3  
  34  10:29  Stimpack  
  34  10:34  SCV  
  35  10:41  Supply Depot  
  35  10:46  SCV  
  35  10:49  Engineering Bay  
  36  10:58  SCV  
  37  11:11  SCV  
  38  11:15  Missile Turret  
  38  11:20  Missile Turret  
  38  11:23  SCV  
  39  11:35  SCV  
  40  11:47  SCV  
  41  11:59  SCV  
  42  12:07  Marine x3  
  42  12:08  Marine  
  46  12:11  SCV  
  47  12:23  Engineering Bay  
Show
View Real Time Build Order
Export as new Build Order

LilDicky Protoss 

Build Orders:  

Get SALT Encoding   

  12  0:02  Probe (Chrono Boost)  
  13  0:13  Probe (Chrono Boost)  
  14  0:22  Pylon  
  14  0:27  Probe (Chrono Boost)  
  15  0:40  Probe (Chrono Boost)  
  16  0:44  Gateway  
  16  0:50  Probe (Chrono Boost), Assimilator  
  17  1:01  Probe (Chrono Boost)  
  18  1:11  Probe (Chrono Boost)  
  18  1:13  Pylon  
  19  1:23  Pylon  
  19  1:33  Cybernetics Core  
  19  1:37  Assimilator  
  19  1:47  Gateway  
  18  2:10  Gateway  
  18  2:12  Gateway  
  18  2:14  Gateway  
  20  2:16  Warp Gate (Chrono Boost)  
  20  2:21  Mothership Core (Chrono Boost)  
  20  2:30  Adept  
  22  2:53  Probe  
  23  3:05  Probe  
  24  3:23  Probe, Pylon  
  25  3:35  Probe  
  26  4:11  Adept x4  
  34  4:20  Pylon  
  34  4:25  Pylon  
  34  4:32  Adept x2  
  37  4:44  Adept  
  39  4:54  Stalker x3  
  39  5:26  Mothership Core  
  35  5:36  Adept x4  
  35  5:52  Probe  
  35  5:54  Stargate  
  32  5:57  Adept x2  
  32  5:58  Adept x2  
  40  6:43  Pylon  
  40  6:44  Pylon  
  40  6:46  Pylon  
  39  6:47  Pylon  
  32  7:08  Pylon  
  32  7:10  Pylon  
  32  7:12  Pylon  
  20  7:23  Pylon  
  10  8:10  Nexus  
  2  9:23  Probe  
  3  9:35  Pylon  
  3  10:28  Cybernetics Core  
  3  10:45  Probe  
  4  11:17  Mothership Core  
  6  11:37  Probe  
  7  11:54  Pylon  
  7  12:07  Probe  
  8  12:17  Probe  
  9  12:28  Probe  
Tags
 
Add a new tag
Caveats
  • Supply blocks, unpowered buildings, or Contaminate may cause inaccurate times.
  • Supply counts are checked every 10 seconds.